 Dungeon Crawl Stone Soup version 0.17-a0-1647-gb11a595 (webtiles) character file.

304130 Murumi the Peltast (level 22, -5/124 HPs)
             Began as a Formicid Fighter on Aug 10, 2015.
             Was a Priest of Elyvilon.
             Slain by a spatial maelstrom (14 damage)
             ... on level 1 of the Abyss on Aug 12, 2015.
             The game lasted 07:03:14 (66522 turns).

Murumi the Peltast (Formicid Fighter)              Turns: 66522, Time: 07:03:14

Health: -5/124     AC: 25    Str: 29    XL:     22   Next: 2%
Magic:  24/24      EV: 15    Int:  8    God:    Elyvilon [***...]
Gold:   3367       SH: 17    Dex:  8    Spells: 0 memorised, 21 levels left

rFire  . . .     SeeInvis +     a - +0 triple sword (protect)
rCold  + . .     Clarity  .     X - +0 plate armour {rC+}
rNeg   + . .     SustAt   .     c - +1 shield
rPois  .         Gourm    .     (helmet unavailable)
rElec  +         Spirit   .     N - +2 cloak
rCorr  .         Warding  +     Z - +2 pair of gloves
rMut   .         Stasis   +     H - +0 pair of boots
MR     +....                    u - amulet of Haveskah {Ward rElec rN+ MR- Str+3 Stlth+}
Stlth  ..........               S - +3 ring of strength
                                l - +4 ring of evasion

@: non-regenerating, somewhat resistant to hostile enchantments, extremely
unstealthy
A: permanent stasis, dig shafts and tunnels, four strong arms, antennae 3, agile
1, blurry vision 3, clumsy 2, deformed body, deterioration 2, dopey 2, frail 3,
low mp 3, screaming 3, slow healing 3, spit poison 1, weak 2, no device heal 3,
subdued magic 3, MP-powered wands
a: Dig, Shaft Self, Spit Poison, Lesser Healing, Divine Protection, Heal Other,
Purification, Renounce Religion
}: 2/15 runes: barnacled, gossamer


You were on level 1 of the Abyss.
You worshipped Elyvilon.
Elyvilon was most pleased with you.
You were hungry.

You visited 8 branches of the dungeon, and saw 42 of its levels.
You visited the Abyss 4 times.
You also visited: Ice Cave.

You collected 4454 gold pieces.
You spent 1087 gold pieces at shops.

Inventory:

Hand weapons
 a - a +0 triple sword of protection (weapon)
 d - the +8 arbalest of the Stars {velocity, rF+ rN+ Str+2 SInv}
   (You acquired it on level 8 of the Lair of Beasts)

   Any bolt fired from it inflicts extra damage.
   It affects your strength (+2).
   It protects you from fire.
   It protects you from negative energy.
   It lets you see invisible.
 F - a +1 scimitar of flaming
Missiles
 o - 12 silver bolts
 x - 425 bolts
 T - 32 bolts of flame
 Y - 33 bolts of frost
Armour
 c - a +1 shield (worn)
 H - a +0 pair of boots (worn)
 N - a +2 cloak (worn)
 X - a +0 plate armour of cold resistance (worn)
 Z - a +2 pair of gloves (worn)
Jewellery
 h - an uncursed ring of protection from fire
 j - an uncursed amulet of resist corrosion
 k - an uncursed ring of poison resistance
 l - a +4 ring of evasion (left hand)
 r - an uncursed amulet of guardian spirit
 u - the amulet of Haveskah (around neck) {Ward rElec rN+ MR- Str+3 Stlth+}
   (You found it on level 4 of the Shoals)

   [amulet of warding]

   It may prevent the melee attacks of summoned creatures.
   It affects your strength (+3).
   It insulates you from electricity.
   It protects you from negative energy.
   It affects your resistance to hostile enchantments.
   It makes you more stealthy.
 K - an uncursed ring of protection from cold
 S - a +3 ring of strength (right hand)
 V - an uncursed ring of flight
Magical devices
 p - a wand of fire (6)
 I - a wand of cold (8)
 O - a wand of disintegration (10)
 R - a wand of cold (7)
 U - a wand of fireball (4)
 W - a wand of fireball (13)
Scrolls
 g - 12 scrolls of enchant armour
 q - 4 scrolls of enchant weapon
 w - a scroll of fear
 y - 23 scrolls of remove curse
 B - 11 scrolls of identify
 C - 4 scrolls of fog
 E - 4 scrolls of recharging
 L - 3 scrolls of silence
 M - 2 scrolls of magic mapping
Potions
 b - a potion of might
 i - 2 potions of curing
 m - 4 potions of brilliance
 n - a potion of agility
 t - a potion of flight
 v - a potion of lignification
 z - a potion of heal wounds
 A - 2 potions of cure mutation
 G - 2 potions of ambrosia
 J - a potion of magic
 P - a potion of cancellation
Comestibles
 e - 16 bread rations
 f - 15 meat rations
 Q - 14 beef jerkies


   Skills:
 + Level 16.2 Fighting
 - Level 13.0 Long Blades
 - Level 13.0 Crossbows
 - Level 15.0 Armour
 - Level 11.0 Dodging
 - Level 19.0 Shields
 - Level 19.0 Invocations


You had 21 spell levels left.
You didn't know any spells.

Dungeon Overview and Level Annotations

Branches:
Dungeon (15/15)            Temple (1/1) D:5            Lair (8/8) D:11
 Shoals (4/4) Lair:5       Spider (4/4) Lair:3        Slime (0/6) Lair:8
    Orc (4/4) D:9             Elf (2/3) Orc:4        Vaults (4/5) D:13
 Depths (0/5) D:15
  Crypt: Vaults:2-3

Altars:
Ashenzari
Cheibriados
Dithmenos
Elyvilon
Fedhas
Gozag
Kikubaaqudgha
Makhleb
Nemelex Xobeh
Okawaru
Qazlal
Ru
Sif Muna
Trog
Vehumet
Xom
Yredelemnul
Zin
The Shining One
Beogh

Shops:
D:6 *   D:11 ?   Orc:4 :(**   Vaults:3 (

Portals:
Pandemonium: Orc:4
Trove: D:10 (give +3 ice dragon armour)

Annotations:
Shoals:4 Ilsuiw


Innate Abilities, Weirdness & Mutations

You are under a permanent stasis effect.
You can dig through walls and to a lower floor.
Your four strong arms can wield two-handed weapons with a shield.
You have a pair of large antennae on your head (SInv).
You are agile. (Dex +2)
You can spit weak poison.
[Scrolls take you much longer to read.]
[You are very clumsy. (Dex -4)]
[Armour fits poorly on your strangely shaped body.]
[Your body often deteriorates upon taking damage.]
[You are very dopey. (Int -4)]
[You are extremely frail (-30% HP).]
[Your magical capacity is extremely low (-30% MP).]
[You frequently scream uncontrollably at your foes.]
[You do not heal naturally.]
[You are very weak. (Str -4)]
[Potions and wands cannot restore your health.]
[Your spells are much easier to cast, but much less powerful.]
[You expend magic power (3 MP) to strengthen your wands.]


Message History

You block the spatial maelstrom's attack.
A draconian scorcher, a large abomination and a raiju come into view.
The ufetubus disappears in a puff of smoke!
The raiju bursts into living lightning!
The living lightning hits you! You resist.
* * * LOW HITPOINT WARNING * * *
The raiju blinks! x2
The wretched star pulses with an eldritch light!
The ufetubus twists and deforms.
The raiju twists and deforms.
The ufetubus misses you. You block the ufetubus's attack.
The large abomination hits you but does no damage. 2 spatial vortices come into view.
You scream at the spatial vortex!
You hear a bark! x3
A spatial vortex comes into view. 2 wights come into view.
The spatial maelstrom hits you!
* * * LOW HITPOINT WARNING * * *
Space warps horribly around you!
You die...

. . . .#. #
##.#.# . #
{..#.# . .. .
#.#.#v. ..
.####.#.####...#
# ## #
.zz............
.. #.#@#### . ##
. #######v.v..#.
... ## .
...#.*qXh#v## #.
..#.5
#....xx5.### ##
#.# .
#.#......v# # #
## . #
#.....#.#### #.#
. #........
.###.# .. #
#X###..{....#
#.# #. # #.#
#.......# .. #.
.


You could see a green draconian scorcher, a spatial maelstrom, a wretched star,
3 spatial vortices, 2 large abominations, a worldbinder, a raiju, a small
abomination and 2 wights.

Vanquished Creatures
  Nikola (Shoals:3)
  Jorgrun (Spider:4)
  Rupert (Lair:7)
  A Hell Sentinel (Abyss:1)
  A tentacled starspawn (Abyss:1)
  A deep elf sorcerer (Vaults:2)
  Maud (Lair:6)
  3 vault wardens
  The ghost of ldierk the Spear-Bearer, a powerful DsFi of Makhleb (Shoals:1)
  3 ghost moths (Spider:4)
  7 emperor scorpions
  2 orc warlords
  4 ironheart preservers
  2 stone giants
  A deep elf demonologist (Elf:2)
  Nessos (Lair:7)
  3 deep elf annihilators
  A dire elephant (D:15)
  2 deep elf death magi (Vaults:2)
  2 yaktaur captains
  7 merfolk javelineers
  3 vault guards
  9 merfolk impalers (Shoals:4)
  A rakshasa (Vaults:1)
  A minotaur (shapeshifter) (D:13)
  7 entropy weavers
  A fire dragon (Lair:8)
  The ghost of wont the Slasher, a powerful CeWr of Okawaru (Lair:1)
  A great orb of eyes (Vaults:1)
  5 centaur warriors
  Erolcha (Orc:1)
  14 hydras
  6 merfolk aquamancers
  A catoblepas (D:14)
  5 ogre magi
  14 dancing weapons (Elf:2)
  5 merfolk avatars
  16 death yaks
  The ghost of tehnar the Thaumaturge, a powerful DEFE of Sif Muna (Lair:1)
  4 satyrs
  The ghost of slix the Blocker, an experienced DDFi of Trog (D:11)
  A sun demon (Orc:4)
  5 orc high priests (Orc:4)
  Sonja (D:15)
  A fire crab (shapeshifter) (Vaults:1)
  An infernal demonspawn (Orc:4)
  3 unseen horrors
  9 deep elf knights
  8 skeletal warriors
  12 sea snakes
  An ice devil (Orc:4)
  8 deep elf summoners
  An ice statue (IceCv)
  35 wolf spiders
  7 hill giants
  A putrid demonspawn (Orc:4)
  A shadow wraith (Vaults:1)
  Pikel (D:7)
  2 wizards
  17 harpies
  17 deep elf conjurers
  5 hornets
  An orb spider (shapeshifter) (D:13)
  16 orb spiders
  A harpy (shapeshifter) (Vaults:1)
  14 ugly things
  6 cyclopes
  A torturous demonspawn (Orc:4)
  16 orc knights
  5 ironbrand convokers
  8 orc sorcerers (Orc:4)
  A necromancer (IceCv)
  6 water nymphs
  A large abomination (Abyss:1)
  3 fauns (Shoals:3)
  12 griffons
  6 sirens
  3 moths of wrath
  A rust devil (Orc:4)
  Maurice (D:9)
  18 manticores
  7 elephants
  5 gargoyles
  7 black mambas
  2 smoke demons
  11 spiny frogs
  A vault sentinel (Vaults:1)
  13 yaktaurs
  5 fire drakes
  An efreet (D:13)
  35 jumping spiders
  2 blue devils
  11 demonic crawlers
  13 komodo dragons
  The ghost of Gehirnprothese the Skirmisher, an average DrBe of Trog (D:4)
  A wolf spider simulacrum (IceCv)
  15 merfolk
  2 red devils (Orc:4)
  10 freezing wraiths (IceCv)
  3 wind drakes
  3 ancient zymes (Abyss:1)
  8 deep elf priests
  6 slime creatures
  A merfolk (shapeshifter) (D:15)
  8 polar bears (Lair:8)
  9 trolls
  A hellwing (Orc:4)
  A polar bear (shapeshifter) (D:13)
  A two-headed ogre (shapeshifter) (Vaults:2)
  17 two-headed ogres
  3 snapping turtles
  A wind drake (shapeshifter) (Elf:2)
  6 boulder beetles
  4 blink frogs (Lair:4)
  17 tarantellas
  6 raiju
  74 yaks
  22 trapdoor spiders
  56 redbacks
  28 deep elf magi
  6 water elementals
  A wraith (Vaults:1)
  3 ynoxinuls (Abyss:1)
  6 basilisks
  2 neqoxecs (Abyss:1)
  The ghost of timbw the Chopper, an average CeFi (D:7)
  7 wyverns
  A spriggan (shapeshifter) (Vaults:1)
  2 human simulacra (Vaults:1)
  A steam dragon (Lair:8)
  A human (D:7)
  11 vampire mosquitoes
  A wyvern (shapeshifter) (Vaults:1)
  A death yak simulacrum (IceCv)
  13 wolves
  12 wargs
  7 hell hounds
  20 deep elf fighters
  20 hippogriffs
  8 mottled dragons
  54 orc warriors
  20 porcupines
  12 black bears (Lair:8)
  4 sky beasts
  16 water moccasins
  7 ice beasts
  A swamp drake (Lair:8)
  2 phantoms
  3 necrophages
  A wasp (Spider:4)
  33 spiders
  The ghost of timbw the Chopper, an average CeBe of Trog (D:5)
  29 ogres
  17 crocodiles
  15 centaurs
  3 brain worms
  3 big kobolds
  4 gnoll sergeants
  20 giant frogs
  2 small abominations (Abyss:1)
  A wyvern zombie (D:14)
  4 scorpions
  A wyvern skeleton (D:8)
  A water moccasin skeleton (D:4)
  12 wights
  20 killer bees
  7 electric eels
  3 vampire bats (D:5)
  6 centaur zombies
  6 crimson imps
  36 orc priests
  4 draconian simulacra (IceCv)
  17 hounds
  3 giant frog zombies
  37 orc wizards
  5 jellies
  3 quasits
  6 centaur skeletons
  Jessica (D:3)
  Natasha (thrice) (D:3 D:4)
  A giant frog skeleton (D:8)
  2 troll simulacra (IceCv)
  7 worker ants
  15 iguanas
  2 polar bear simulacra (IceCv)
  17 sheep
  4 spriggan simulacra (IceCv)
  2 centaur simulacra
  A hound zombie (D:11)
  4 naga simulacra (IceCv)
  2 worker ant zombies
  13 adders
  24 gnolls
  5 ogre simulacra (IceCv)
  39 river rats
  3 shadow imps
  25 white imps
  An ooze (D:3)
  4 adder skeletons
  An adder zombie (D:6)
  3 worms
  9 giant geckos
  224 orcs
  7 giant cockroaches
  9 goblins
  4 hobgoblins
  24 jackals
  9 kobolds
  5 quokkas
  15 bats
  A giant gecko skeleton (D:8)
  A giant gecko zombie (D:6)
  7 giant newts
  A jackal skeleton (D:4)
  10 rats
  A fungus (Lair:6)
  7 plants
1873 creatures vanquished.

Vanquished Creatures (others)
  A deep elf sorcerer (Vaults:2)
  A deep elf demonologist (Vaults:2)
  A vault guard (Vaults:2)
  An ogre mage (Vaults:3)
  A shadow wraith (Vaults:2)
  The ghost of blinkfrog the Thaumaturge, an experienced DECj of Vehumet (Lair:1)
  An orb spider (Spider:4)
  An ironbrand convoker (Vaults:2)
  A tarantella (Spider:4)
  2 redbacks
  A wolf (Lair:8)
  2 ogres
  A quasit (Abyss:1)
  An orc wizard (Vaults:2)
  An orc (Vaults:2)
  A kobold skeleton (Abyss:1)
  A bush (Lair:8)
  2 fulminant prisms (Lair:1)
  28 fungi
  A lurking horror (Abyss:1)
  28 plants
  2 starspawn tentacles (Abyss:1)
  2 starspawn tentacle segments (Abyss:1)
82 creatures vanquished.

Grand Total: 1955 creatures vanquished

Notes
Turn   | Place    | Note
--------------------------------------------------------------
     0 | D:1      | Murumi the Formicid Fighter began the quest for the Orb.
     0 | D:1      | Reached XP level 1. HP: 18/18 MP: 1/1
    80 | D:1      | Reached skill level 4 in Shields
    89 | D:1      | Reached XP level 2. HP: 17/24 MP: 2/2
   156 | D:1      | Reached skill level 1 in Dodging
   597 | D:2      | Reached XP level 3. HP: 29/29 MP: 3/3
   822 | D:2      | You fall through a shaft!
   888 | D:3      | Reached XP level 4. HP: 35/37 MP: 4/4
  1695 | D:3      | Reached XP level 5. HP: 37/42 MP: 5/5
  1851 | D:3      | Noticed Jessica
  1860 | D:3      | Killed Jessica
  1889 | D:3      | Noticed Natasha
  1922 | D:3      | Killed Natasha
  2091 | D:3      | Found a bloodstained altar of Trog.
  2182 | D:3      | Reached XP level 6. HP: 46/48 MP: 4/6
  2244 | D:3      | Noticed Natasha
  2249 | D:3      | Killed Natasha
  2249 | D:3      | Reached skill level 5 in Shields
  2442 | D:3      | Found a sacrificial altar of Ru.
  2464 | D:3      | Found a sacrificial altar of Ru.
  2882 | D:3      | Found a bloodstained altar of Trog.
  3066 | D:3      | Found a bloodstained altar of Trog.
  3520 | D:3      | Found a sacrificial altar of Ru.
  3543 | D:3      | Found a sacrificial altar of Ru.
  3888 | D:3      | Found a bloodstained altar of Trog.
  4418 | D:4      | Noticed Gehirnprothese's ghost (average DrBe)
  4427 | D:4      | Killed Gehirnprothese's ghost
  4427 | D:4      | Reached skill level 5 in Long Blades
  4427 | D:4      | Reached XP level 7. HP: 18/54 MP: 2/7
  4884 | D:4      | Noticed Natasha
  4890 | D:4      | Killed Natasha
  5202 | D:5      | Entered Level 5 of the Dungeon
  5318 | D:5      | Reached skill level 5 in Armour
  5360 | D:5      | Noticed timbw's ghost (average CeBe)
  5360 | D:5      | Found a staircase to the Ecumenical Temple.
  5376 | D:5      | Killed timbw's ghost
  5376 | D:5      | Reached XP level 8. HP: 45/60 MP: 3/8
  5384 | Temple   | Entered the Ecumenical Temple
  5393 | Temple   | Became a worshipper of Elyvilon the Healer
  5519 | D:5      | Found a glowing silver altar of Zin.
  5520 | D:5      | Found a shattered altar of Ashenzari.
  5583 | D:5      | Reached skill level 5 in Dodging
  5613 | D:5      | Reached skill level 1 in Invocations
  6125 | D:6      | Acquired Elyvilon's first power
  6190 | D:6      | Reached skill level 1 in Crossbows
  6292 | D:6      | Reached skill level 5 in Invocations
  6292 | D:6      | Reached XP level 9. HP: 43/65 MP: 10/12
  6451 | D:6      | Found Konyf's Assorted Antiques.
  6459 | D:6      | Bought a scroll of identify for 46 gold pieces
  6459 | D:6      | Bought a scroll labeled JURAUHEFOOC for 23 gold pieces
  6917 | D:6      | Reached skill level 5 in Crossbows
  7244 | D:7      | Noticed Pikel
  7330 | D:7      | Found a burning altar of Makhleb.
  7343 | D:7      | Noticed timbw's ghost (average CeFi)
  7378 | D:7      | Killed timbw's ghost
  7484 | D:7      | Reached skill level 6 in Long Blades
  7685 | D:7      | Killed Pikel
  7869 | D:7      | You fall through a shaft for 2 floors!
  8009 | D:7      | Found a blossoming altar of Fedhas.
  8143 | D:7      | Reached skill level 7 in Fighting
  8143 | D:7      | Reached XP level 10. HP: 74/79 MP: 11/13
  8304 | D:8      | Acquired Elyvilon's second power
  8967 | D:8      | Noticed a manticore
  8981 | D:8      | Killed a manticore
  9919 | D:9      | Noticed Maurice
 10061 | D:9      | Found a staircase to the Orcish Mines.
 10321 | D:9      | Noticed a troll
 10348 | D:9      | Killed a troll
 10348 | D:9      | Reached XP level 11. HP: 55/84 MP: 12/16
 10419 | D:9      | Killed Maurice
 10419 | D:9      | Reached skill level 8 in Shields
 10435 | D:9      | Noticed a troll
 10457 | D:9      | Killed a troll
 10964 | D:9      | Reached skill level 9 in Shields
 11344 | D:10     | Entered Level 10 of the Dungeon
 11598 | D:10     | Found a portal to a secret trove of treasure.
 11749 | D:10     | Acquired Elyvilon's third power
 13172 | D:11     | Reached skill level 10 in Invocations
 13212 | D:11     | Noticed slix's ghost (experienced DDFi)
 13255 | D:11     | Killed slix's ghost
 13396 | D:11     | Noticed a hill giant
 13406 | D:11     | Killed a hill giant
 13406 | D:11     | Reached XP level 12. HP: 54/92 MP: 10/19
 13503 | D:11     | Found a staircase to the Lair.
 13527 | D:11     | Gained mutation: You are agile. (Dex +2) [potion of beneficial mutation]
 13531 | D:11     | Found Juch's Magic Scroll Boutique.
 13553 | D:11     | Bought a scroll of identify for 28 gold pieces
 13553 | D:11     | Bought a scroll of identify for 28 gold pieces
 13556 | D:11     | Bought a scroll of identify for 28 gold pieces
 13690 | D:11     | Noticed a cyclops
 13754 | D:11     | Killed a cyclops
 14018 | D:12     | Noticed an eight-headed hydra
 14102 | Orc:1    | Entered Level 1 of the Orcish Mines
 14934 | Orc:2    | Reached skill level 10 in Shields
 14940 | Orc:2    | Found a roughly hewn altar of Beogh.
 15326 | Orc:1    | Noticed Erolcha
 15347 | Orc:1    | Killed Erolcha
 15749 | Orc:2    | Acquired Elyvilon's fourth power
 16410 | Lair:1   | Entered Level 1 of the Lair of Beasts
 16410 | Lair:1   | Noticed blinkfrog's ghost (experienced DECj)
 16575 | Lair:1   | Killed blinkfrog's ghost
 16925 | Lair:1   | Noticed wont's ghost (powerful CeWr)
 16956 | Lair:1   | Killed wont's ghost
 17005 | Lair:1   | Noticed tehnar's ghost (powerful DEFE)
 17273 | Lair:1   | Killed tehnar's ghost
 17650 | Lair:1   | Reached skill level 10 in Fighting
 17836 | Lair:1   | Acquired Elyvilon's fifth power
 18282 | Lair:1   | Reached XP level 13. HP: 77/103 MP: 15/20
 19814 | Lair:3   | Found a frozen archway.
 19844 | Lair:3   | Reached skill level 11 in Shields
 19918 | IceCv    | Entered an ice cave
 20935 | IceCv    | HP: 5/128 [freezing wraith (7)]
 22390 | IceCv    | Found an ancient bone altar of Kikubaaqudgha.
 22961 | Lair:3   | Reached skill level 12 in Shields
 23371 | Lair:3   | Found a hole to the Spider Nest.
 24569 | Lair:4   | Reached XP level 14. HP: 95/110 MP: 19/23
 25434 | Lair:5   | Reached skill level 10 in Armour
 25484 | Lair:5   | Found a staircase to the Shoals.
 26860 | D:11     | Bought a scroll of fear for 49 gold pieces
 26860 | D:11     | Bought a scroll of acquirement for 728 gold pieces
 26860 | D:11     | Bought a scroll of fear for 49 gold pieces
 27440 | Lair:6   | Noticed Maud
 27459 | Lair:6   | Killed Maud
 28507 | Lair:6   | Reached skill level 13 in Shields
 28726 | Lair:6   | Reached XP level 15. HP: 77/120 MP: 19/24
 29157 | Lair:7   | Noticed Rupert
 29174 | Lair:7   | Killed Rupert
 29564 | Lair:7   | Reached skill level 14 in Invocations
 29833 | Lair:8   | Entered Level 8 of the Lair of Beasts
 29937 | Lair:8   | Noticed Nessos
 29956 | Lair:7   | Killed Nessos
 30636 | Lair:8   | Found a staircase to the Slime Pits.
 31353 | Lair:8   | Got a steaming arbalest
 31354 | Lair:8   | Identified the +8 arbalest of the Stars {velocity, rF+ rN+ Str+2 SInv} (You acquired it on level 8 of the Lair of Beasts)
 31814 | Lair:8   | Reached XP level 16. HP: 107/130 MP: 23/26
 31911 | Lair:8   | Reached skill level 10 in Long Blades
 32605 | Orc:4    | Entered Level 4 of the Orcish Mines
 32920 | Orc:4    | Found Qoiqanaj's General Store.
 32990 | Orc:4    | Found a staircase to the Elven Halls.
 33145 | Orc:4    | Reached skill level 10 in Crossbows
 33408 | Orc:4    | Found Osos's General Store.
 33751 | Orc:4    | Bought a potion of heal wounds for 60 gold pieces
 33755 | Orc:4    | Bought a potion of might for 48 gold pieces
 35716 | Orc:4    | Reached skill level 15 in Shields
 35811 | Orc:4    | Found Muusetua's Antique Weapon Boutique.
 35811 | Orc:4    | Found a one-way gate leading to the halls of Pandemonium.
 35811 | Orc:4    | Found Etuaveut's Book Shop.
 36573 | D:12     | Killed a two-headed hydra
 36668 | D:12     | Found a sacrificial altar of Ru.
 36688 | D:12     | Reached skill level 15 in Invocations
 37364 | D:13     | Found a gate to the Vaults.
 37562 | D:13     | Found an opulent altar of Gozag.
 37868 | D:13     | Reached XP level 17. HP: 136/136 MP: 28/28
 39032 | D:15     | Entered Level 15 of the Dungeon
 39478 | D:15     | Found a staircase to the Depths.
 39825 | D:15     | Noticed Sonja
 39832 | D:15     | Killed Sonja
 40608 | Shoals:1 | Entered Level 1 of the Shoals
 40657 | Shoals:1 | Noticed ldierk's ghost (powerful DsFi)
 40715 | Shoals:1 | Killed ldierk's ghost
 41466 | Shoals:1 | Reached skill level 16 in Shields
 41825 | Shoals:2 | Got a coiled silver ring
 41826 | Shoals:2 | Identified the ring of Kull {rF+ Int-3 Dex+5 Stlth+} (You found it on level 2 of the Shoals)
 42357 | Shoals:3 | Reached XP level 18. HP: 75/143 MP: 23/29
 43052 | Shoals:3 | Noticed Nikola
 43062 | Shoals:3 | Killed Nikola
 43532 | Shoals:4 | Entered Level 4 of the Shoals
 44928 | Shoals:4 | Got a pitted tin amulet
 44929 | Shoals:4 | Identified the amulet of Haveskah {Ward rElec rN+ MR- Str+3 Stlth+} (You found it on level 4 of the Shoals)
 44966 | Shoals:4 | Reached skill level 10 in Dodging
 45445 | Shoals:4 | Noticed Ilsuiw
 46155 | Shoals:4 | Reached XP level 19. HP: 100/152 MP: 24/31
 46171 | Shoals:4 | Got a barnacled rune of Zot
 46825 | Spider:1 | Entered Level 1 of the Spider Nest
 47539 | Spider:1 | Got a translucent long sword
 47540 | Spider:1 | Identified the +6 long sword of Disembowelment {slice, Dex+2} (You found it on level 1 of the Spider Nest)
 48608 | Spider:2 | Reached skill level 17 in Shields
 51529 | Spider:4 | Entered Level 4 of the Spider Nest
 52328 | Elf:1    | Entered Level 1 of the Elven Halls
 52343 | Elf:1    | Reached skill level 15 in Fighting
 53595 | Elf:1    | Identified Zyfraojo's Collected Works on Attacks
 54038 | Elf:2    | Cast into the Abyss (a deep elf demonologist)
 54078 | Elf:2    | Escaped the Abyss
 54081 | Elf:2    | Reached XP level 20. HP: 162/162 MP: 32/32
 54133 | Elf:2    | Found a roughly hewn altar of Beogh.
 54157 | Elf:2    | Reached skill level 15 in Armour
 54616 | Elf:2    | Found a runed gate.
 54616 | Elf:2    | Found a runed gate.
 54660 | Elf:2    | Found a runed gate.
 55511 | Elf:2    | Reached skill level 18 in Shields
 56990 | Spider:4 | Noticed Jorgrun
 57260 | Spider:4 | Killed Jorgrun
 58615 | Spider:4 | Gained mutation: You can spit weak poison. [potion of beneficial mutation]
 59687 | Spider:4 | Reached XP level 21. HP: 128/168 MP: 34/34
 59948 | Spider:4 | Got a gossamer rune of Zot
 60111 | Spider:4 | Upgraded the game from 0.17-a0-1646-geb1493d to 0.17-a0-1647-gb11a595
 60313 | Vaults:1 | Entered Level 1 of the Vaults
 61764 | Vaults:1 | You fall through a shaft!
 62518 | Vaults:2 | Identified the Tome of Unstable Bewitchment
 62848 | Vaults:1 | Reached skill level 19 in Shields
 64667 | Vaults:2 | Got an ancient arbalest
 64668 | Vaults:2 | Identified the +1 arbalest of Amortisation {velocity, rPois rF++ rC- Stlth+} (You found it on level 2 of the Vaults)
 64827 | Vaults:2 | HP: 2/168 [salamander stormcaller/great blast of fire (57)]
 64846 | Vaults:2 | You fall through a shaft for 2 floors!
 65507 | Vaults:3 | Found Beffes's Weapon Shoppe.
 65860 | Vaults:2 | Cast into the Abyss (a deep elf sorcerer)
 65860 | Abyss:1  | Found a corrupted altar of Lugonu.
 65863 | Abyss:1  | Found a corrupted altar of Lugonu.
 65934 | Vaults:2 | Escaped the Abyss
 65968 | Vaults:2 | Cast into the Abyss (a deep elf sorcerer)
 66102 | Vaults:2 | Escaped the Abyss
 66120 | Vaults:2 | Gained mutation: [Your magical capacity is low (-10% MP).] [a neqoxec]
 66123 | Vaults:2 | Cast into the Abyss (a deep elf sorcerer)
 66359 | Abyss:1  | HP: 2/170 [Hell Sentinel/blast of hellfire (38)]
 66361 | Abyss:1  | Elyvilon protects you from harm!
 66411 | Abyss:1  | Reached XP level 22. HP: 54/178 MP: 26/31
 66522 | Abyss:1  | Slain by a spatial maelstrom

Vault maps used:
D:1:      onia_arrival_mini_maze, minmay_misc_feat_roman
D:2:      minmay_cupped
D:3:      nicolae_ru_the_path_less_chosen, first_bread, kennysheep_nondescript,
          trog_butcher_becter, uniq_natasha, uniq_jessica
D:4:      kennysheep_six_static_rooms
D:5:      grunt_temple_overflow_open, minmay_temple_entry_glass, hex_large,
          minmay_hedge_maze, small_statue_intersection,
          hangedman_abyss_or_decor_lesser_grid, roderic_batcave,
          nrook_mini_vaults, hex_medium, kennysheep_crisscross
D:6:      serial_shops, shop, hangedman_abyss_or_decor_stabs
D:7:      overflow_temple_1_default, grunt_livestock, lemuel_statue_altar,
          uniq_pikel
D:8:      wad_river_or_something, serial_corexii_hall, corexii_hall_statues_s,
          corexii_hall_statues_u
D:9:      orc_0_dummy, minmay_holes, uniq_maurice
D:10:     enter_trove_2
D:11:     lair_0_dummy, serial_shops, shop_statue, minmay_misc_feat_room
D:12:     basic_altar
D:13:     david_vaults_2, grunt_gozag_statues
D:14:     corexii_corridor_pit
D:15:     hangedman_depths_entry_try_elsewhere_first,
          hangedman_abyss_or_decor_slice, uniq_sonja
Temple:   nicolae_temple_no_exploring_needed
Lair:1:   serial_bayou, serial_bayou_lagoon_b, serial_bayou_pond_a,
          serial_bayou_pond_e, serial_bayou_ford_a, serial_bayou_pond_e,
          st_stairs_3, minivault_23, serial_bayou_lagoon_a
Lair:2:   grunt_megastairs_2
Lair:3:   spider_nest_entry_funnel_web, portal_ice_cave_entry_imps,
          beast_lair_carwin_1, grunt_megastairs_4
Lair:4:   grunt_megastairs_3, serial_bayou_shore_a
Lair:5:   shoals_dummy_entry, special_room
Lair:6:   lemuel_fruit_tree, infiniplex_staircase_pool_2, uniq_maud
Lair:7:   lemuel_fruit_fields, serial_bayou_shore_b, infiniplex_staircase_pool,
          uniq_rupert
Lair:8:   hangedman_lair_caniforms_friends, guppyfry_lair_end_dragon,
          slime_dummy, uniq_nessos
Shoals:3: nicolae_shoals_cliffside_cave, uniq_nikola
Shoals:4: shoals_end_simple, shoal_ilsuiw
Spider:2: guppyfry_spider_mini_1
Spider:3: nicolae_spider_cling_halls
Spider:4: spider_rune_water, uniq_jorgrun
Orc:1:    uniq_erolcha
Orc:2:    basic_altar
Orc:3:    nicolae_orc_pool_cavern
Orc:4:    pf_orc_diabolical, guppyfry_library_mini
Elf:1:    eino_elf_arrival_customs, minmay_elf_sorcery, st_stairs_7,
          hangedman_elf_targetted_burst
Elf:2:    special_room, hangedman_elf_simple_split, corner_web_ring,
          lemuel_elevator
Vaults:1: dpeg_vaults_monster_row, ontoclasm_vaults_hangar,
          ontoclasm_vaults_ligature, v_misc_29, grunt_vaults_swirl,
          hangedman_vaults_pinch, v_rooms_5, dpeg_vaults_monster_box,
          ontoclasm_vaults_ring_large, nicolae_vaults_asterisk,
          nicolae_vaults_little_squares_4, nicolae_vaults_circle_grid_a,
          vaults_dpeg_diagonal, nicolae_vaults_diagonal_hallway_7
Vaults:2: vaults_mumra_minichess_inversion, v_rooms_3, serial_ice_m,
          nicolae_vaults_circle_grid_b, hangedman_vaults_hat,
          nicolae_vaults_yaktaur_gun_rack, nicolae_vaults_little_squares_5,
          ontoclasm_vaults_chip, nicolae_vaults_quartermaster, basic_altar
Vaults:3: v_misc_10, nicolae_vaults_shelves_hall, nicolae_vaults_display_case,
          v_alt_pattern_5, vaults_mumra_lcd, minmay_crypt_entry_simple_plaza,
          nicolae_vaults_little_squares_1, hangedman_vaults_stitches,
          nicolae_vaults_three_branches, nicolae_vaults_little_squares_1,
          ontoclasm_vaults_claustrophobia, hangedman_vaults_trim,
          nicolae_vaults_angled_halls, hangedman_vaults_snaps,
          ontoclasm_vaults_decontamination, serial_shops, shop
Vaults:4: hangedman_vaults_unwind, v_misc_17, ontoclasm_vaults_twist,
          vaults_room_stairs_pillars, grunt_vaults_diagonal,
          vaults_standard_mumra_enter_the_diamond, nicolae_vaults_theta,
          v_pattern_4, vaults_dpeg_hooks, uniq_margery
Abyss:1:  evilmike_abyss_exit_vortex
IceCv:    ice_cave_small_necro

Action                   |  1- 3 |  4- 6 |  7- 9 | 10-12 | 13-15 | 16-18 | 19-21 | 22-24 || total
-------------------------+-------+-------+-------+-------+-------+-------+-------+-------++-------
Melee: Long sword        |   117 |   254 |   369 |   754 |       |       |       |       ||  1494
       Great sword       |       |       |       |   870 |  1562 |  1900 |   148 |       ||  4480
       Falchion          |       |       |       |       |   264 |    17 |       |       ||   281
       Scimitar          |       |       |       |       |       |    27 |       |       ||    27
       Triple sword      |       |       |       |       |       |       |  3063 |    23 ||  3086
 Fire: Arbalest          |       |       |     7 |    69 |   129 |   308 |   116 |       ||   629
Invok: Lesser Healing    |       |       |     3 |     2 |    27 |    15 |    54 |       ||   101
       Divine Vigour     |       |       |       |       |     1 |     1 |       |       ||     2
       Purification      |       |       |       |       |     1 |     1 |    10 |       ||    12
       Greater Healing   |       |       |       |       |       |     2 |     9 |       ||    11
       Divine Protection |       |       |       |       |       |       |     2 |     1 ||     3
 Abil: Dig               |       |     2 |     3 |    21 |    24 |    12 |    54 |     5 ||   121
       Evoke Flight      |       |       |       |       |       |    14 |       |       ||    14
       Shaft Self        |       |       |       |       |       |       |     2 |       ||     2
Evoke: Wand              |       |       |       |       |     4 |       |       |       ||     4
  Use: Scroll            |     4 |     7 |    10 |    11 |     9 |     7 |    10 |       ||    58
       Potion            |       |     1 |     1 |     3 |     7 |     4 |    12 |       ||    28
 Stab: Distracted        |       |       |       |       |       |     1 |     1 |       ||     2
  Eat: Chunk             |       |    11 |     8 |    33 |    31 |    49 |    57 |       ||   189
       Beef jerky        |       |     1 |     3 |     2 |       |       |    11 |     1 ||    18
       Pizza             |       |       |       |     1 |     8 |       |     1 |       ||    10
       Fruit             |       |       |       |       |     7 |     5 |     6 |       ||    18
       Royal jelly       |       |       |       |       |     1 |       |       |       ||     1
       Bread ration      |       |       |       |       |     1 |     1 |     3 |       ||     5
